 Dungeon Crawl Stone Soup version 0.24.0-37-gcf1ca852f1 (webtiles) character file.

Game seed: 14446285180307772596, levelgen mode: deterministic

3010 theswoord the Cleaver (level 9, -1/67 HPs)
             Began as a Demonspawn Monk on Nov 27, 2019.
             Was an Elder of Kikubaaqudgha.
             Slain by a slave (3 damage)
             ... led by Pikel
             ... while paralysed by a hornet
             ... on level 8 of the Dungeon.
             The game lasted 00:15:18 (9438 turns).

theswoord the Cleaver (Demonspawn Monk)             Turns: 9438, Time: 00:15:19

Health: -1/67      AC: 12    Str: 17    XL:     9   Next: 55%
Magic:  9/9        EV:  2    Int: 16    God:    Kikubaaqudgha [****..]
Gold:   544        SH:  0    Dex: 16    Spells: 8/8 levels left

rFire    . . .     SeeInvis +   a - +1 hand axe
rCold    . . .     Gourm    .   (no shield)
rNeg     . . .     Faith    .   j - +0 plate armour
rPois    .         Spirit   .   (helmet restricted)
rElec    .         Reflect  .   (no cloak)
rCorr    .         Harm     .   (no gloves)
MR       .....                  (no boots)
Stlth    ..........             (no amulet)
HPRegen  0.21/turn              y - ring of stealth
MPRegen  0.11/turn              v - ring of see invisible

@: paralysed, brilliant, about to teleport, slowed
A: horns 1, rugged brown scales 2, demonic guardian 1, mutation resistance 1,
powered by death 1, strong 1
a: Receive Corpses, Renounce Religion


You were on level 8 of the Dungeon.
You worshipped Kikubaaqudgha.
Kikubaaqudgha was greatly pleased with you.
You were hungry.

You visited 2 branches of the dungeon, and saw 10 of its levels.
You also visited: Ossuary.

You collected 544 gold pieces.

Inventory:

Hand Weapons
 a - a +1 hand axe (weapon)
Armour
 b - a +0 robe
 h - a +1 helmet
 j - a +0 plate armour (worn)
Jewellery
 v - a ring of see invisible (right hand)
 y - a ring of stealth (left hand)
Wands
 r - a wand of acid (6)
Scrolls
 e - a scroll of identify
 i - 2 scrolls of remove curse
 l - 4 scrolls of enchant weapon
 m - 4 scrolls of teleportation
 n - 5 scrolls of enchant armour
 p - 3 scrolls of immolation
Potions
 f - a potion of agility
 k - a potion of cancellation
 o - 2 potions of mutation
 q - a potion of degeneration
 t - a potion of brilliance
 u - 2 potions of flight {unknown}
 w - a potion of heal wounds {unknown}
 z - a potion of might {unknown}
Comestibles
 c - 14 rations
 d - 5 chunks of flesh


   Skills:
 * Level 3.6 Fighting
 + Level 12.1 Axes
 - Level 2.6 Dodging
 - Level 1.7 Stealth


You had 8 spell levels left.
You didn't know any spells.
Your spell library contained the following spells:

 Spells                   Type           Power        Failure   Level  Hunger
 Animate Skeleton         Necr           N/A          78%         1    ##.....
 Corona                   Hex            #......      78%         1    ##.....
 Pain                     Necr           #...         78%         1    ##.....
 Ensorcelled Hibernation  Hex/Ice        #.....       88%         2    ###....
 Poisonous Vapours        Pois/Air       #.....       88%         2    ###....
 Sublimation of Blood     Necr           #.........   88%         2    ###....
 Confuse                  Hex            #.......     97%         3    ####...
 Conjure Flame            Conj/Fire      #.......     97%         3    ####...
 Dazzling Spray           Conj/Hex       #.....       97%         3    ####...
 Mephitic Cloud           Conj/Pois/Air  #.......     97%         3    ####...
 Tukima's Dance           Hex            #.......     97%         3    ####...
 Vampiric Draining        Necr           #.........   97%         3    ####...
 Agony                    Necr           #.......     100%        5    ######.
 Borgnjor's Vile Clutch   Necr/Erth      #.........   100%        5    ######.
 Dispel Undead            Necr           #.......     100%        5    ######.
 Death Channel            Necr           #.........   100%        6    #######
 Freezing Cloud           Conj/Ice/Air   #.........   100%        6    #######
 Simulacrum               Ice/Necr       #.........   100%        6    #######
 Ring of Flames           Chrm/Fire      #.........   100%        7    #######


Dungeon Overview and Level Annotations

Branches:
Dungeon (9/15)             Temple (1/1) D:4            Lair (0/6) D:9
Ossuary (visited)
    Orc: D:9-12

Altars:
Ashenzari
Cheibriados
Elyvilon
Fedhas
Gozag
Hepliaklqana
Kikubaaqudgha
Makhleb
Nemelex Xobeh
Okawaru
Qazlal
Sif Muna
Trog
Uskayaw
Vehumet
Wu Jian
Xom
Zin
The Shining One

Shops:
D:6 %

Annotations:
D:5 3 runed translucent doors, Iamsoldier's ghost, novice DrTm
D:9 Pikel


Innate Abilities, Weirdness & Mutations

You have a pair of small horns on your head.
You are mostly covered in rugged brown scales. (AC +2, +5% HP)
A weak demonic guardian rushes to your aid.
You regenerate a little health from kills.
You are somewhat resistant to further mutation.
Your muscles are strong. (Str +2)


Message History

Okay, then.
As you read the scroll of teleportation, it crumbles to dust.
You feel strangely unstable.
The hornet stings you but does no damage.
The slave hits you.
* * * LOW HITPOINT WARNING * * *
Okay, then.
As you read the scroll labeled AXKIOW WUEDIANK, it crumbles to dust.
You hear a burbling brook.
It was a scroll of random uselessness.
The hornet stings you.
* * * LOW HITPOINT WARNING * * *
You suddenly lose the ability to move!
The slave hits you but does no damage. The slave hits you.
* * * LOW HITPOINT WARNING * * *
The hornet stings you but does no damage.
The hornet stings you.
* * * LOW HITPOINT WARNING * * *
You feel yourself slow down. The slave hits you.
You die...
Kikubaaqudgha rasps: "You have failed me!
Welcome... death!"

...# ...# #######
############### ...#
#.....######.............# ...#
#.....'....#.............# ...#
#.....#....#.............# ...#
#....<#....#.............#
...####.....######.............#
.##....#+#.......y...###########
.#.......+.....p@....#
.+.......#.....p.....#
.#######+#...........###########
#######....#'###...............#
......#....#...#...............#
......#....'...#...............#
......'....#...#.(.............#
#######....###)#..<............#
........#####.........##'#######


You could see a hornet and 2 slaves.

Vanquished Creatures
  Joseph (D:8)
  Prince Ribbit (D:5)
  Eustachio (D:4)
  An orc warrior (D:8)
  2 sky beasts
  2 phantoms
  A black bear (D:8)
  2 ogres
  2 centaurs
  An elf zombie (Ossuary)
  5 bullfrogs
  A wyvern zombie (D:8)
  2 scorpions
  3 killer bees (D:8)
  A vampire bat (D:5)
  3 crimson imps
  3 hounds
  An orc priest (D:9)
  2 iguanas
  An orc wizard (D:8)
  Ijyb (D:3)
  3 worker ants
  2 big kobold zombies (Ossuary)
  3 hound zombies
  A hound skeleton (D:7)
  4 mummies (Ossuary)
  2 howler monkey zombies
  A worker ant zombie (D:8)
  6 adders
  4 gnolls
  A shadow imp (D:5)
  2 oozes
  An adder skeleton (D:4)
  An adder zombie (D:8)
  2 dart slugs (D:1)
  5 leopard geckos
  10 orcs
  A ball python (D:1)
  18 bats
  9 giant cockroaches
  A gnoll zombie (Ossuary)
  7 hobgoblins
  8 jackals
  3 quokkas
  A frilled lizard (D:2)
  A giant cockroach zombie (D:6)
  10 goblins
  2 jackal zombies (Ossuary)
  7 kobolds
  2 leopard gecko skeletons
  2 orc zombies (Ossuary)
  A quokka zombie (D:6)
  6 rats
164 creatures vanquished.

Vanquished Creatures (collateral kills)
  An orc warrior (D:6)
  An ice beast (D:5)
  A phantom (D:7)
  A vampire bat (D:5)
  A crimson imp (D:8)
  A worker ant (D:6)
  An adder (D:8)
  A gnoll (D:2)
  An orc (D:6)
  3 gnoll zombies (Ossuary)
12 creatures vanquished.

Vanquished Creatures (others)
  An orc (D:9)
1 creature vanquished.

Grand Total: 177 creatures vanquished

Notes
Turn   | Place    | Note
-------+----------+-------------------------------------------
     0 | D:1      | theswoord the Demonspawn Monk began the quest for the Orb.
     0 | D:1      | Reached XP level 1. HP: 18/18 MP: 1/1
    22 | D:1      | Reached skill level 3 in Axes
   240 | D:1      | Gained mutation: A weak demonic guardian rushes to your
                  | aid. [demonic ancestry]
   240 | D:1      | Reached XP level 2. HP: 22/24 MP: 2/2
   560 | D:1      | Reached XP level 3. HP: 12/29 MP: 3/3
   943 | D:1      | Reached skill level 4 in Axes
  1479 | D:2      | Reached XP level 4. HP: 32/35 MP: 4/4
  2108 | D:3      | Reached skill level 5 in Axes
  2155 | D:3      | Gained mutation: You regenerate a little health from kills.
                  | [demonic ancestry]
  2155 | D:3      | Reached XP level 5. HP: 18/41 MP: 5/5
  2715 | D:3      | Noticed Ijyb
  2727 | D:3      | Killed Ijyb
  3353 | D:4      | Reached skill level 6 in Axes
  3566 | D:4      | Gained mutation: You are partially covered in rugged brown
                  | scales. (AC +1, +3% HP) [demonic ancestry]
  3566 | D:4      | Reached XP level 6. HP: 40/48 MP: 6/6
  3674 | D:4      | Noticed Eustachio
  3688 | D:4      | Killed Eustachio
  3688 | D:4      | Reached skill level 7 in Axes
  3754 | D:4      | Found a faded altar of an unknown god.
  3756 | D:4      | Found a staircase to the Ecumenical Temple.
  3797 | Temple   | Entered the Ecumenical Temple
  3910 | Temple   | Became a worshipper of Kikubaaqudgha
  3910 | Temple   | Reached * piety under Kikubaaqudgha
  3910 | Temple   | Identified Kikubaaqudgha's Tome of Unholy Rites
                  | (Kikubaaqudgha gifted it to you in the Ecumenical Temple)
  3910 | Temple   | Received a gift from Kikubaaqudgha
  3910 | Temple   | Reached ** piety under Kikubaaqudgha
  3973 | D:5      | Entered Level 5 of the Dungeon
  4045 | D:5      | Gained mutation: You are mostly covered in rugged brown
                  | scales. (AC +2, +5% HP) [demonic ancestry]
  4045 | D:5      | Reached XP level 7. HP: 45/54 MP: 7/7
  4171 | D:5      | Noticed Prince Ribbit
  4172 | D:5      | Gained mutation: Your muscles are strong. (Str +2) [potion
                  | of mutation]
  4172 | D:5      | Gained mutation: You are somewhat resistant to further
                  | mutation. [potion of mutation]
  4177 | D:5      | Killed Prince Ribbit
  4192 | D:5      | Reached skill level 8 in Axes
  4575 | D:5      | Found a runed translucent gate.
  4575 | D:5      | Found a runed translucent gate.
  4575 | D:5      | Found a runed translucent gate.
  4607 | D:5      | Noticed Iamsoldier's ghost (novice DrTm)
  4871 | D:6      | Found Yseph's Food Emporium.
  5275 | D:6      | Found a sand-covered staircase.
  5284 | Ossuary  | Entered an ossuary
  5295 | Ossuary  | Reached skill level 9 in Axes
  5295 | Ossuary  | Gained mutation: You have a pair of small horns on your
                  | head. [demonic ancestry]
  5295 | Ossuary  | Reached XP level 8. HP: 53/60 MP: 8/8
  5302 | Ossuary  | Reached *** piety under Kikubaaqudgha
  5302 | Ossuary  | Identified Kikubaaqudgha's Guide on Evil Magic
                  | (Kikubaaqudgha gifted it to you in an ossuary)
  5302 | Ossuary  | Received a gift from Kikubaaqudgha
  5971 | D:6      | Found an opulent altar of Gozag.
  6268 | D:7      | Reached skill level 10 in Axes
  7171 | D:8      | Noticed a hornet
  7337 | D:8      | Noticed Joseph
  7364 | D:8      | Killed Joseph
  7364 | D:8      | Reached skill level 11 in Axes
  7364 | D:8      | Reached XP level 9. HP: 12/66 MP: 9/9
  7638 | D:8      | Paralysed by a hornet for 3 turns
  7643 | D:8      | Paralysed by a hornet for 2 turns
  8207 | D:8      | Reached **** piety under Kikubaaqudgha
  9203 | D:8      | Reached skill level 12 in Axes
  9406 | D:9      | Found a staircase to the Lair.
  9418 | D:9      | Noticed Pikel
  9437 | D:8      | Paralysed by a hornet for 3 turns
  9437 | D:8      | HP: 3/67 [slave[Pikel] (2)]
  9438 | D:8      | Slain by a slave

Skill      XL: |  1  2  3  4  5  6  7  8  9 |
---------------+----------------------------+-----
Axes           | 3 4 5 6 7 9 11 12 | 12.1
Fighting       | |  3.6
Dodging        | |  2.6
Stealth        | |  1.7

Action                   |  1- 3 |  4- 6 |  7- 9 || total
-------------------------+-------+-------+-------++-------
Melee: Hand axe          |   152 |   247 |   478 ||   877
       Headbutt          |       |       |    71 ||    71
  Use: Potion            |       |     3 |    15 ||    18
       Scroll            |       |    10 |     9 ||    19
 Stab: Sleeping          |     1 |       |       ||     1
       Invisible         |       |     7 |    10 ||    17
       Distracted        |       |       |     2 ||     2
  Eat: Chunk             |     2 |     8 |     7 ||    17
       Ration            |       |       |     3 ||     3
Armor: Robe              |    15 |       |       ||    15
       Plate armour      |    75 |   226 |   334 ||   635
Dodge: Dodged            |    74 |    45 |   127 ||   246

Levels and vault maps discovered:
D:1:      dpeg_arrival_tiny_j, layout_rooms, minmay_pentomino_v4
D:2:      layout_loops_ring
D:3:      layout_loops_cross, minmay_pentangle, uniq_ijyb
D:4:      layout_rooms, nicolae_temple_entry_ecumenical,
          hangedman_abyss_or_decor_lesser_grid, uniq_eustachio
D:5:      layout_loops_cross, first_ration, ebering_ghost_rock_garden,
          roderic_batcave, uniq_prince_ribbit1
D:6:      layout_loops_corners, kennysheep_mini_moat,
          nicolae_ossuary_entry_ruins, serial_shops, shop_statue
D:7:      layout_loops_corners, minmay_quadrilaterals
D:8:      layout_gridville, uniq_joseph
D:9:      layout_irregular_city, erik_lair_orcish_takeover,
          serial_park_tiny_pond, uniq_pikel
Temple:   kilobyte_greek_temple
